 Dungeon Crawl Stone Soup version 0.22-a0-785-g6253c82ace (webtiles) character file.

8666 Htamos the Fighter (level 11, -9/119 HPs)
             Began as a Troll Monk on July 20, 2018.
             Was a Priest of Cheibriados.
             Hit by a steel javelin thrown by Urug (26 damage)
             ... on level 10 of the Dungeon.
             The game lasted 00:12:43 (8568 turns).

Htamos the Fighter (Troll Monk)                     Turns: 8568, Time: 00:12:44

Health: -9/119     AC:  8    Str: 29    XL:     11   Next: 12%
Magic:  10/10      EV: 16    Int: 14    God:    Cheibriados [***...]
Gold:   651        SH:  0    Dex: 23    Spells: 10/10 levels left

rFire    . . .     SeeInvis .     - Unarmed
rCold    . . .     Gourm    +   (no shield)
rNeg     + . .     Faith    .   e - +2 robe {Archmagi}
rPois    .         Spirit   .   (helmet restricted)
rElec    .         Reflect  .   j - +0 cloak
rCorr    .         Harm     .   (gloves unavailable)
MR       .....                  (boots unavailable)
Stlth    ++........             (no amulet)
HPRegen  0.69/turn              w - ring of stealth
MPRegen  0.12/turn              g - ring of positive energy

@: confused, lethally poisoned (-9 -> -23), very slow
A: large, unfitting armour, claws 3, fast metabolism 3, gourmand, regeneration
1, shaggy fur 1, tough skin 2
a: Bend Time, Temporal Distortion, Renounce Religion


You were on level 10 of the Dungeon.
You worshipped Cheibriados.
Cheibriados was most pleased with you.
You were completely stuffed.

You visited 2 branches of the dungeon, and saw 11 of its levels.

You collected 651 gold pieces.

Inventory:

Hand Weapons
 C - a +3 scimitar of flaming
Armour
 a - a +1 robe
 e - a +2 robe of the Archmagi (worn)
 j - a +0 cloak (worn)
Jewellery
 g - a ring of positive energy (right claw)
 o - an uncursed ring of protection from fire
 w - a ring of stealth (left claw)
Wands
 d - a wand of random effects (35)
 n - a wand of polymorph (19)
 r - a wand of disintegration (27)
 v - a wand of paralysis (18)
 y - a wand of enslavement (16)
Scrolls
 c - a scroll of fear
 f - 5 scrolls of remove curse
 h - 4 scrolls of teleportation
 m - a scroll of blinking
 z - a scroll of fog
 B - a scroll of enchant weapon
 D - a scroll of noise
 F - 2 scrolls of torment
Potions
 i - 3 potions of flight
 k - a potion of lignification {unknown}
 l - 2 potions of curing
 p - 3 potions of ambrosia
 q - a potion of heal wounds {unknown}
 t - a potion of mutation {unknown}
 u - 2 potions of cancellation
 x - 4 potions of degeneration {unknown}
Comestibles
 b - 28 rations


   Skills:
 * Level 10.6 Fighting
 + Level 7.7 Dodging
 - Level 1.0 Stealth
 + Level 9.2 Unarmed Combat


You had 10 spell levels left.
You didn't know any spells.
Your spell library contained the following spells:

 Spells                   Type           Power        Failure   Level  Hunger
 Bolt of Magma            Conj/Fire/Erth #.........   100%        5    ######.
 Confuse                  Hex            #.......     65%         3    ####...
 Venom Bolt               Conj/Pois      #.........   100%        5    ######.
 Iron Shot                Conj/Erth      #.........   100%        6    #######
 Confusing Touch          Hex            #.....       28%         1    ##.....
 Metabolic Englaciation   Hex/Ice        #.........   100%        5    ######.
 Petrify                  Tmut/Erth      #.......     96%         4    #####..
 Orb of Destruction       Conj           #.........   100%        7    #######
 Iskenderun's Battlesphe  Conj/Chrm      #.......     100%        5    ######.
 Spellforged Servitor     Conj/Summ      #.........   100%        7    #######
 Gell's Gravitas          Tloc           #.........   65%         3    ####...
 Yara's Violent Unravell  Hex/Tmut       #.........   100%        5    ######.


Dungeon Overview and Level Annotations

Branches:
Dungeon (10/15)            Temple (1/1) D:7
   Lair: D:8-11         Orc: D:9-12

Altars:
Ashenzari
Cheibriados
Dithmenos
Elyvilon
Fedhas
Gozag
Hepliaklqana
Kikubaaqudgha
Makhleb
Nemelex Xobeh
Okawaru
Qazlal
Ru
Sif Muna
Trog
Uskayaw
Vehumet
Wu Jian
Xom
Yredelemnul
Zin
The Shining One

Shops:
D:6 [

Annotations:
D:10 Urug


Innate Abilities, Weirdness & Mutations

You are too large for most types of armour.
You have claws for hands.
Your metabolism is lightning-fast.
You like to eat raw meat.
Your natural rate of healing is unusually fast.
You are covered in fur. (AC +1)
You have very tough skin. (AC +2)


Message History

Urug hits you with a battleaxe of venom!!
* * * LOW HITPOINT WARNING * * *
You scratch Urug.
Urug is heavily wounded.
* * * LOW HITPOINT WARNING * * *
You feel very sick.
You feel better.
Urug hits you with a battleaxe of venom!
* * * LOW HITPOINT WARNING * * *
You are poisoned.
You are confused.
You feel invigorated.
You feel sick.
Urug hits you with a battleaxe of venom!
* * * LOW HITPOINT WARNING * * *
You are lethally poisoned!
You're too confused!
You're too confused!
You feel very sick.
Urug throws a steel javelin.
The steel javelin hits you!!
You die...

#.#### #....##
####.># . ##.##
#.. #..# ..<.
##.##..#.#
#........
######........
#o.@.!........
#..####........
#..# ##.......
#..# .../...
#.# #.#.... #..
.#..## #. .# .#
.


You could see Urug.

Vanquished Creatures
  2 two-headed ogres (D:8)
  Erica (D:8)
  The ghost of Scypier the Cleaver, a novice HOMo of Beogh (D:8)
  Pikel (D:6)
  A troll (D:9)
  A hungry ghost (D:7)
  Grum (D:9)
  Menkaure (D:5)
  2 water moccasins
  A phantom (D:5)
  3 slaves
  4 orc warriors
  2 ice beasts
  A necrophage (D:8)
  4 sky beasts
  4 wolves (D:9)
  4 centaurs
  4 ogres
  A big kobold (D:8)
  6 bullfrogs
  3 wyvern skeletons (D:6)
  2 scorpions (D:7)
  4 killer bees (D:8)
  13 wights
  A howler monkey (D:4)
  5 crimson imps
  A bullfrog zombie (D:6)
  A centaur zombie (D:7)
  A quasit (D:7)
  2 centaur skeletons
  4 orc priests
  6 hounds
  A gnoll shaman (D:6)
  8 orc wizards
  2 iguanas
  A bullfrog skeleton (D:5)
  Ijyb (D:5)
  4 worker ants
  2 killer bee zombies (D:8)
  A hound zombie (D:5)
  A mummy (D:8)
  A worker ant zombie (D:6)
  Robin (D:2)
  9 gnolls
  6 adders
  2 shadow imps
  An adder zombie (D:8)
  An adder skeleton (D:4)
  A worm (D:4)
  3 dart slugs
  3 leopard geckos
  26 orcs
  3 giant cockroaches
  12 goblins
  9 hobgoblins
  4 jackals (D:1)
  6 quokkas
  2 bats (D:2)
  2 frilled lizards (D:3)
  A jackal skeleton (D:2)
  5 kobolds
  5 rats
212 creatures vanquished.

Vanquished Creatures (others)
  An orc (D:6)
1 creature vanquished.

Grand Total: 213 creatures vanquished

Notes
Turn   | Place    | Note
-------+----------+-------------------------------------------
     0 | D:1      | Htamos the Troll Monk began the quest for the Orb.
     0 | D:1      | Reached XP level 1. HP: 22/22 MP: 0/0
   251 | D:1      | Reached XP level 2. HP: 27/29 MP: 1/1
   753 | D:2      | Noticed Robin
   764 | D:2      | Reached skill level 3 in Fighting
   771 | D:2      | Reached XP level 3. HP: 37/37 MP: 2/2
   780 | D:2      | Killed Robin
  1094 | D:3      | Reached XP level 4. HP: 31/45 MP: 3/3
  1107 | D:3      | Reached XP level 5. HP: 44/54 MP: 4/4
  1224 | D:3      | Reached skill level 4 in Fighting
  2194 | D:4      | Reached XP level 6. HP: 50/63 MP: 5/5
  2913 | D:4      | Found a glowing silver altar of Zin.
  3027 | D:5      | Entered Level 5 of the Dungeon
  3027 | D:5      | Noticed Menkaure
  3044 | D:5      | Killed Menkaure
  3044 | D:5      | Reached skill level 5 in Fighting
  3178 | D:5      | Reached XP level 7. HP: 72/72 MP: 6/6
  3305 | D:5      | Reached skill level 5 in Unarmed Combat
  3647 | D:5      | Noticed Ijyb
  3668 | D:5      | Killed Ijyb
  3765 | D:5      | Reached skill level 6 in Fighting
  3786 | D:5      | Reached XP level 8. HP: 82/83 MP: 7/7
  4458 | D:6      | Reached skill level 5 in Dodging
  4479 | D:6      | Reached skill level 7 in Fighting
  4804 | D:6      | Reached XP level 9. HP: 93/93 MP: 8/8
  4837 | D:6      | Found Eti Ysae's Antique Armour Shop.
  5216 | D:7      | Reached skill level 8 in Fighting
  5225 | D:7      | Noticed Pikel
  5296 | D:6      | HP: 3/96 [Pikel/whip of flaming (4)]
  5298 | D:6      | HP: 1/96 [slave[Pikel] (4)]
  5303 | D:6      | HP: 4/96 [Pikel/whip of flaming (3)]
  5305 | D:6      | Killed Pikel
  5955 | D:7      | Found a staircase to the Ecumenical Temple.
  5960 | Temple   | Entered the Ecumenical Temple
  6039 | Temple   | Became a worshipper of Cheibriados the Contemplative
  6039 | Temple   | Reached * piety under Cheibriados
  6039 | Temple   | Reached ** piety under Cheibriados
  6361 | D:8      | Noticed a two-headed ogre
  6369 | D:8      | Killed a two-headed ogre
  6369 | D:8      | Reached skill level 9 in Fighting
  6369 | D:8      | Reached XP level 10. HP: 94/107 MP: 9/9
  6561 | D:8      | Noticed a two-headed ogre
  6582 | D:8      | Killed a two-headed ogre
  6759 | D:8      | Noticed Erica
  6772 | D:8      | Killed Erica
  6772 | D:8      | Reached skill level 10 in Fighting
  7045 | D:8      | Found a runed gate.
  7046 | D:8      | Found a runed gate.
  7047 | D:8      | Found a runed gate.
  7055 | D:8      | Reached *** piety under Cheibriados
  7115 | D:8      | Noticed Scypier's ghost (novice HOMo)
  7359 | D:8      | Found an opulent altar of Gozag.
  7614 | D:8      | Killed Scypier's ghost
  7614 | D:8      | Reached XP level 11. HP: 52/119 MP: 10/10
  7733 | D:9      | Noticed Grum
  7762 | D:9      | Killed Grum
  8522 | D:10     | Entered Level 10 of the Dungeon
  8555 | D:10     | Noticed Urug
  8568 | D:10     | Hit by a steel javelin thrown by Urug

Vault maps used:
D:1:      minmay_arrival_up_and_down, minmay_cupped
D:2:      uniq_robin, uniq_jessica
D:3:      first_ration, serial_bayou_lagoon_b
D:4:      marbit_many_paths
D:5:      uniq_menkaure, uniq_ijyb
D:6:      serial_shops, shop
D:7:      minmay_temple_entry_nine_rooms, uniq_pikel
D:8:      lemuel_coloured_pillars_altar, ebering_ghost_rock_garden,
          serial_undead, serial_undead_d, serial_undead_e, serial_undead_c,
          serial_undead_a, uniq_erica
D:9:      uniq_grum
D:10:     erik_lair_orcish_takeover, uniq_urug, uniq_fannar
Temple:   regret_index_temple_chain_breaker

Skill      XL: |  1  2  3  4  5  6  7  8  9 10 |
---------------+-------------------------------+-----
Fighting       | 3 4 5 6 7 9 10 | 10.6
Dodging        | 3 4 5 6 7 |  7.7
Unarmed Combat | 4 5 6 8 9 |  9.2
Stealth        | |  1.0

Action                   |  1- 3 |  4- 6 |  7- 9 | 10-12 || total
-------------------------+-------+-------+-------+-------++-------
Melee: Unarmed           |    77 |   124 |   378 |   181 ||   760
       Punch             |     1 |     3 |    15 |    15 ||    34
  Use: Scroll            |       |       |    10 |     7 ||    17
       Potion            |       |       |     7 |     2 ||     9
 Stab: Sleeping          |     3 |     2 |     9 |     5 ||    19
       Distracted        |       |       |       |     1 ||     1
  Eat: Chunk             |    15 |    16 |    39 |    16 ||    86
Armor: Robe              |    25 |    23 |   104 |    34 ||   186
Dodge: Dodged            |    36 |    59 |   233 |   138 ||   466

Table legend:
 A = Spawn XP
 B = Non-spawn XP
 C = Spawn XP percentage of total XP
 D = Spawn monster count
 E = Non-spawn monster count
 F = Spawn count percentage of total count
 G = Total turns spent on level
                    A         B        C        D         E        F      G
               +---------+---------+-------+---------+---------+-------+---------
         Total |       0 |   12381 |   0.0 |       0 |     209 |   0.0 |  8568
               +---------+---------+-------+---------+---------+-------+---------
           D:1 |       0 |      20 |   0.0 |       0 |      11 |   0.0 |   626
           D:2 |       0 |      68 |   0.0 |       0 |      26 |   0.0 |   443
           D:3 |       0 |     251 |   0.0 |       0 |      28 |   0.0 |   991
           D:4 |       0 |     226 |   0.0 |       0 |      12 |   0.0 |   967
           D:5 |       0 |     943 |   0.0 |       0 |      18 |   0.0 |  1201
           D:6 |       0 |    2457 |   0.0 |       0 |      41 |   0.0 |  1173
           D:7 |       0 |    1300 |   0.0 |       0 |      18 |   0.0 |   838
           D:8 |       0 |    5767 |   0.0 |       0 |      44 |   0.0 |  1361
           D:9 |       0 |    1349 |   0.0 |       0 |      11 |   0.0 |   800
               +---------+---------+-------+---------+---------+-------+---------
